 Dungeon Crawl Stone Soup version 0.24.0-2-g5b39cebb1c (webtiles) character file.

Game seed: 8043809623588493903, levelgen mode: deterministic

4753 Froggeryz the Firebug (level 10, 0/52 HPs)
             Began as a Deep Elf Assassin on Oct 30, 2019.
             Was a Priest of Vehumet.
             Succumbed to Harold's poison
             ... on level 9 of the Dungeon.
             The game lasted 00:36:12 (13749 turns).

Froggeryz the Firebug (Deep Elf Assassin)          Turns: 13749, Time: 00:36:13

Health: 0/52       AC: 13    Str:  8    XL:     10   Next: 23%
Magic:  21/21      EV: 12    Int: 20    God:    Vehumet [***...]
Gold:   604        SH:  5    Dex: 16    Spells: 14/22 levels left

rFire    . . .     SeeInvis +   G - +3 mace (holy)
rCold    . . .     Gourm    .   g - +0 buckler
rNeg     . . .     Faith    .   A - +2 robe {MR+}
rPois    .         Spirit   .   x - +2 helmet
rElec    .         Reflect  .   s - +2 cloak
rCorr    .         Harm     .   (no gloves)
MR       ++...                  v - +2 pair of boots
Stlth    +++.......             (no amulet)
HPRegen  0.17/turn              r - ring of see invisible
MPRegen  0.17/turn              (no ring)

@: lethally poisoned (0 -> -13)
A: no striking features
a: Renounce Religion


You were on level 9 of the Dungeon.
You worshipped Vehumet.
Vehumet was most pleased with you.
You were not hungry.

You visited 3 branches of the dungeon, and saw 11 of its levels.

You collected 626 gold pieces.
You spent 22 gold pieces at shops.

Inventory:

Hand Weapons
 k - a +2 hand axe of electrocution
 B - a +2 hand axe of freezing
 G - a +3 mace of holy wrath (weapon)
Missiles
 d - 14 poisoned darts (quivered)
 e - 2 curare-tipped darts
 p - 6 javelins
 E - a throwing net
 F - 2 boomerangs of dispersal
Armour
 g - a +0 buckler (worn)
 s - a +2 cloak (worn)
 t - a scarf of repulsion
 v - a +2 pair of boots (worn)
 x - a +2 helmet (worn)
 A - a +2 robe of magic resistance (worn)
Jewellery
 r - a ring of see invisible (left hand)
Wands
 b - a wand of iceblast (7)
 H - a wand of digging (6)
Scrolls
 a - a scroll of blinking
 c - 2 scrolls of remove curse
 i - 7 scrolls of identify
 j - 3 scrolls of teleportation
 l - a scroll of magic mapping
 m - 2 scrolls of amnesia
 o - 3 scrolls of enchant armour
 z - 2 scrolls of fog
 D - a scroll of enchant weapon
Potions
 h - a potion of brilliance
Comestibles
 f - 20 rations


   Skills:
 - Level 1.5 Fighting
   Level 6.1 Short Blades
 - Level 2.0 Throwing
 - Level 1.2 Dodging
 - Level 4.8 Stealth
 - Level 5.1 Shields
 + Level 6.6 Spellcasting
 - Level 6.0 Conjurations
 + Level 4.6 Translocations
 * Level 7.6 Fire Magic
 - Level 5.4 Poison Magic


You had 14 spell levels left.
You knew the following spells:

 Your Spells              Type           Power        Failure   Level  Hunger
a - Mephitic Cloud        Conj/Pois/Air  ###.....     1%          3    #......
b - Conjure Flame         Conj/Fire      ####....     1%          3    #......
c - Blink                 Tloc           N/A          2%          2    None

Your spell library contained the following spells:

 Spells                   Type           Power        Failure   Level  Hunger
 Sticky Flame             Conj/Fire      ####....     1%          4    ###....
 Magic Dart               Conj           ####         1%          1    None
 Corona                   Hex            #......      10%         1    None
 Call Imp                 Summ           #.......     16%         2    None
 Slow                     Hex            #.......     16%         2    None
 Confuse                  Hex            #.......     30%         3    #......
 Bolt of Cold             Conj/Ice       ###.......   71%         6    ######.


Dungeon Overview and Level Annotations

Branches:
Dungeon (9/15)             Temple (1/1) D:4            Lair (1/6) D:8
    Orc: D:9-12

Altars:
Ashenzari
Cheibriados
Dithmenos
Elyvilon
Fedhas
Gozag
Hepliaklqana
Kikubaaqudgha
Makhleb
Nemelex Xobeh
Okawaru
Qazlal
Ru
Sif Muna
Uskayaw
Vehumet
Wu Jian
Xom
Yredelemnul
Zin
The Shining One

Shops:
D:5 ?   D:6 ?

Annotations:
D:2 1 runed translucent door, Crazy Yiuf
D:3 3 runed translucent doors, GordonOverkill's ghost, amateur MiBe
D:5 3 runed translucent doors, Nivan's ghost, novice DrCj; deadmann's ghost, amateur MiFi; oberejnoburuli's ghost, novice GrFi
D:7 2 transporters, wullow85's ghost, novice GnFi
D:8 2 transporters, diiiiiane's ghost, novice DEFE
D:9 Harold


Message History

* * * LOW HITPOINT WARNING * * *
You feel sick.
As you read the scroll of teleportation, it crumbles to dust.
You feel strangely unstable.
* * * LOW HITPOINT WARNING * * *
You feel sick. The adder barely misses you.
Harold hits you from afar with a +0 halberd of venom!
* * * LOW HITPOINT WARNING * * *
The adder misses you.
Okay, then.
Unknown command.
Unknown command.
* * * LOW HITPOINT WARNING * * *
You feel sick.
Your surroundings suddenly seem different.
* * * LOW HITPOINT WARNING * * *
You feel sick.
Found 25 gold pieces and a quarterstaff.
You feel magically purged.
You die...

#.###.###
#......$
..)....
#..... #....#
#....# #....#
#..@$# #....#
#.......
#.........
#.........#
..........'.
#..........#.
#..........+


There were no monsters in sight!

Vanquished Creatures
  A spiny frog (Lair:1)
  Grinder (D:4)
  A spriggan (D:7)
  Sigmund (D:6)
  3 phantoms
  3 sky beasts
  4 orc warriors
  An ice beast (D:7)
  4 ogres
  A centaur (D:5)
  4 wolves (Lair:1)
  Blork the orc (D:5)
  3 bullfrogs
  A water moccasin zombie (D:8)
  4 scorpions
  5 killer bees (D:8)
  A wight (D:8)
  5 howler monkeys
  2 centaur zombies
  2 crimson imps
  5 hounds
  4 orc priests
  3 centaur skeletons
  3 orc wizards
  2 bullfrog skeletons
  4 iguanas
  9 worker ants
  A hound zombie (D:5)
  3 hound skeletons
  A howler monkey zombie (D:5)
  Robin (D:1)
  6 gnolls
  A howler monkey skeleton (D:5)
  12 adders
  2 shadow imps
  6 oozes
  2 adder skeletons (D:5)
  An adder zombie (D:6)
  A worm (D:2)
  A dart slug (D:3)
  3 leopard geckos
  36 orcs
  5 giant cockroaches
  12 goblins
  9 hobgoblins
  14 jackals
  8 kobolds
  6 quokkas
  5 ball pythons
  11 bats
  9 frilled lizards
  A giant cockroach zombie (D:5)
  2 jackal skeletons
  A quokka skeleton (D:6)
  5 rats
243 creatures vanquished.

Notes
Turn   | Place    | Note
-------+----------+-------------------------------------------
     0 | D:1      | Froggeryz the Deep Elf Assassin began the quest for the
                  | Orb.
     0 | D:1      | Reached XP level 1. HP: 12/12 MP: 3/3
   231 | D:1      | Reached XP level 2. HP: 16/16 MP: 4/4
   470 | D:1      | Reached skill level 1 in Shields
  1034 | D:2      | Reached XP level 3. HP: 20/20 MP: 5/5
  1045 | D:2      | Noticed Robin
  1230 | D:1      | HP: 1/20 [Robin/+0 club (3)]
  1237 | D:1      | Killed Robin
  1573 | D:2      | Reached XP level 4. HP: 19/25 MP: 6/6
  1698 | D:2      | Found a stormy altar of Qazlal.
  2220 | D:2      | Found a runed translucent door.
  2221 | D:2      | Noticed Crazy Yiuf
  2356 | D:3      | Found an iron altar of Okawaru.
  2471 | D:3      | Found a runed translucent gate.
  2471 | D:3      | Found a runed translucent gate.
  2472 | D:3      | Found a runed translucent gate.
  2481 | D:3      | Noticed GordonOverkill's ghost (amateur MiBe)
  2536 | D:3      | Found an ornate altar of the Wu Jian Council.
  2539 | D:3      | Found a white marble altar of Elyvilon.
  2540 | D:3      | Found a hide-covered altar of Uskayaw.
  2540 | D:3      | Found a sparkling altar of Nemelex Xobeh.
  2540 | D:3      | Found a basalt altar of Yredelemnul.
  2542 | D:3      | Found a blossoming altar of Fedhas.
  2714 | D:3      | Found a snail-covered altar of Cheibriados.
  2760 | D:3      | Found a burning altar of Makhleb.
  3047 | D:4      | Noticed Grinder
  3258 | D:4      | Reached XP level 5. HP: 13/29 MP: 7/7
  3334 | D:4      | Killed Grinder
  3334 | D:4      | Reached skill level 5 in Short Blades
  3334 | D:4      | Reached XP level 6. HP: 29/34 MP: 8/8
  3543 | D:3      | Learned a level 3 spell: Mephitic Cloud
  3568 | D:4      | Found a staircase to the Ecumenical Temple.
  3597 | D:4      | Reached XP level 7. HP: 29/38 MP: 8/12
  3600 | Temple   | Entered the Ecumenical Temple
  3622 | Temple   | Became a worshipper of Vehumet
  4119 | D:4      | Reached skill level 1 in Conjurations
  4119 | D:4      | Reached skill level 1 in Poison Magic
  4679 | D:5      | Entered Level 5 of the Dungeon
  5239 | D:5      | Noticed Blork the orc
  5356 | D:5      | Reached * piety under Vehumet
  5356 | D:5      | Offered knowledge of Freeze by Vehumet.
  5558 | D:5      | Found a runed translucent gate.
  5578 | D:5      | Learned a level 3 spell: Conjure Flame
  5589 | D:5      | Found Xuywez's Magic Scroll Boutique.
  5934 | D:5      | Found a runed translucent gate.
  5935 | D:5      | Found a runed translucent gate.
  5947 | D:5      | Noticed deadmann's ghost (amateur MiFi)
  5947 | D:5      | Noticed oberejnoburuli's ghost (novice GrFi)
  5948 | D:5      | Noticed Nivan's ghost (novice DrCj)
  6031 | D:5      | Reached XP level 8. HP: 30/43 MP: 15/15
  7792 | D:6      | Reached skill level 5 in Shields
  8174 | D:6      | Found Vyvaplux's Magic Scroll Emporium.
  8174 | D:6      | Noticed Sigmund
  8330 | D:5      | Killed Blork the orc
  8558 | D:5      | Reached skill level 5 in Poison Magic
  8564 | D:5      | Reached skill level 5 in Conjurations
  8578 | D:5      | Reached ** piety under Vehumet
  8765 | D:6      | Offered knowledge of Sting by Vehumet.
  8825 | D:6      | Killed Sigmund
  8825 | D:6      | Reached skill level 1 in Fire Magic
  8825 | D:6      | Reached XP level 9. HP: 27/47 MP: 9/16
  8841 | D:6      | Reached skill level 2 in Fire Magic
  9083 | D:6      | Bought a scroll of fog for 22 gold pieces
  9405 | D:6      | Reached skill level 3 in Fire Magic
  9657 | D:7      | Learned a level 2 spell: Blink
  9881 | D:7      | Found a transporter.
  9899 | D:7      | Found a transporter.
  9902 | D:7      | Noticed wullow85's ghost (novice GnFi)
  9917 | D:7      | Reached skill level 1 in Translocations
 10000 | D:7      | Reached skill level 4 in Fire Magic
 10895 | D:7      | Reached skill level 5 in Fire Magic
 11019 | D:7      | Identified the Compendium of the Frigorific Oath
 11415 | D:7      | Offered knowledge of Inner Flame by Vehumet.
 11415 | D:7      | Reached skill level 5 in Spellcasting
 11824 | D:7      | Reached skill level 6 in Fire Magic
 11940 | D:8      | Found a transporter.
 12009 | D:8      | Found a transporter.
 12081 | D:8      | Reached *** piety under Vehumet
 12088 | D:8      | Found a staircase to the Lair.
 12357 | D:8      | Got a fine scale mail
 12358 | D:8      | Identified the +4 scale mail of Leaves {rN++ MR- Stlth+}
                  | (You found it on level 8 of the Dungeon)
 12518 | D:8      | Reached XP level 10. HP: 52/52 MP: 20/20
 12550 | D:8      | Noticed a moth of wrath
 12551 | D:8      | Noticed diiiiiane's ghost (novice DEFE)
 12875 | Lair:1   | Entered Level 1 of the Lair of Beasts
 12905 | Lair:1   | Noticed a spiny frog
 12924 | Lair:1   | Killed a spiny frog
 12924 | Lair:1   | Reached skill level 7 in Fire Magic
 12933 | Lair:1   | Offered knowledge of Sticky Flame by Vehumet.
 13279 | Lair:1   | HP: 2/52 [porcupine (14)]
 13735 | D:9      | Noticed Harold
 13747 | D:9      | HP: 2/52 [poisoned by Harold]
 13749 | D:9      | Succumbed to Harold's poison

Levels and vault maps discovered:
D:1:      dpeg_arrival_concentric_ovals, layout_basic, st_stairs_5,
          kennysheep_small_spiral, nrook_mini_vaults, skrybe_limestone_x
D:2:      layout_loops_ring, minivault_19, grunt_qazlal_sundering, uniq_robin,
          uniq_crazy_yiuf_cottage
D:3:      layout_loops_ring, minitemple, kennysheep_slug_shrine,
          lemuel_doored_altar, gammafunk_ghost_split, okawaru_metal_pillars_1_2
D:4:      layout_layer_cave, temple_pool_b, uniq_grinder
D:5:      layout_layer_cave, serial_shops, nicolae_shop_window_shopping,
          gammafunk_ghost_cemetery, first_ration, uniq_blork_the_orc
D:6:      layout_gridville, serial_shops, shop, grunt_ministairs_1, uniq_sigmund
D:7:      layout_layer_cave, gammafunk_ghost_mausoleum, the_bakery,
          minmay_misc_feat_roman, minivault_10
D:8:      layout_loops_ring, lair_entry_dummy, gammafunk_ghost_berserking_beasts
D:9:      layout_basic, special_room [special_room_bee], uniq_pikel, uniq_harold
Temple:   nicolae_temple_great_sept
Lair:1:   layout_big_grid

Skill      XL: |  1  2  3  4  5  6  7  8  9 10 |
---------------+-------------------------------+-----
Shields        | 1 2 3 4 5 |  5.1
Short Blades   | 3 4 5 6 |  6.1
Spellcasting   | 2 3 5 6 |  6.6
Conjurations   | 2 5 6 |  6.0
Poison Magic   | 2 5 |  5.4
Fire Magic     | 1 6 7 |  7.6
Translocations | 3 4 |  4.6
Fighting       | |  1.5
Throwing       | |  2.0
Dodging        | |  1.2
Stealth        | |  4.8

Action                   |  1- 3 |  4- 6 |  7- 9 | 10-12 || total
-------------------------+-------+-------+-------+-------++-------
Melee: Dagger            |   147 |   161 |   586 |       ||   894
       Rapier            |       |       |   123 |       ||   123
       Hand axe          |       |       |    85 |    53 ||   138
       Mace              |       |       |       |    23 ||    23
Throw: Dart              |       |     5 |    66 |     5 ||    76
 Cast: Mephitic Cloud    |       |       |    35 |     5 ||    40
       Conjure Flame     |       |       |    15 |     5 ||    20
Evoke: Wand              |       |     4 |    27 |     5 ||    36
  Use: Potion            |     5 |     4 |     6 |     2 ||    17
       Scroll            |     3 |       |    12 |     3 ||    18
 Stab: Sleeping          |    16 |    11 |    13 |     1 ||    41
       Distracted        |     1 |     1 |     2 |     2 ||     6
       Paralysed         |       |     2 |       |       ||     2
       Confused          |       |     1 |    19 |     2 ||    22
  Eat: Chunk             |     2 |     6 |    25 |     5 ||    38
       Ration            |       |       |     2 |       ||     2
Armor: Robe              |    24 |    27 |   137 |    24 ||   212
       Skin              |       |       |    12 |    16 ||    28
Dodge: Dodged            |    76 |    66 |   286 |    40 ||   468
Block: Buckler           |    30 |    21 |   131 |    28 ||   210
